 Dungeon Crawl Stone Soup version 0.25-a0-62-g88673ef095 (webtiles) character file.

Game seed: 8025088130231408011, levelgen mode: deterministic

47555 MrRokkomies the Jinx (level 14, -1/84 HPs)
             Began as a Vampire Enchanter on Oct 30, 2019.
             Was a High Priest of Kikubaaqudgha.
             Slain by a dire elephant (31 damage)
             ... on level 6 of the Lair of Beasts.
             The game lasted 01:32:31 (23863 turns).

MrRokkomies the Jinx (Vampire Enchanter)           Turns: 23863, Time: 01:32:32

Health: -1/84      AC:  9    Str: 12    XL:     14   Next: 9%
Magic:  1/24       EV: 20    Int: 25    God:    Kikubaaqudgha [*****.]
Gold:   1062       SH:  5    Dex: 15    Spells: 3/27 levels left

rFire    . . .     SeeInvis +   a - +8 whip "Snakebite" {curare, rPois}
rCold    + + .     Gourm    .   T - +0 buckler
rNeg     + + +     Faith    +   D - +2 robe {Archmagi}
rPois    ∞         Spirit   .   S - +0 hat {MR+}
rElec    +         Reflect  .   t - +2 cloak "Merovips" {*Slow +Inv rElec rCorr}
rCorr    +         Harm     .   p - +1 pair of gloves
MR       ++...                  (no boots)
Stlth    +++++.....             y - amulet of faith
HPRegen  0.00/turn              k - +4 ring of strength
MPRegen  0.19/turn              M - +4 ring of intelligence

@: bloodless, regenerating quickly
A: no food, fangs 3, see invisible, unbreathing
a: Bat Form, Revivify, Receive Corpses, Torment, Renounce Religion, Evoke
Invisibility


You were on level 6 of the Lair of Beasts.
You worshipped Kikubaaqudgha.
Kikubaaqudgha was extremely pleased with you.
You were bloodless.

You visited 3 branches of the dungeon, and saw 18 of its levels.

You collected 1062 gold pieces.

Inventory:

Hand Weapons
 a - the +8 whip "Snakebite" (weapon) {curare, rPois}
   (You found it on level 4 of the Lair of Beasts)

   It poisons the flesh of those it strikes.
   It protects you from poison.
 b - a +2 dagger of speed
 B - a +0 rapier of protection
Missiles
 c - 18 boomerangs
 d - 109 poisoned darts (quivered)
 h - a throwing net
 z - 8 silver javelins
 K - 4 curare-tipped darts
 N - 5 atropa-tipped darts
 P - 2 javelins
Armour
 p - a +1 pair of gloves (worn)
 t - the +2 cloak "Merovips" (worn) {*Slow +Inv rElec rCorr}
   (You found it on level 7 of the Dungeon)

   It insulates you from electricity.
   It lets you turn invisible.
   It provides partial protection from all sources of acid and corrosion.
   It may slow you when you take damage.
 u - the +2 robe "Zulil" {rF+}
   (You found it on level 6 of the Dungeon)

   It protects you from fire.
 D - a +2 robe of the Archmagi (worn)
 S - a +0 hat of magic resistance (worn)
 T - a +0 buckler (worn)
Magical Staves
 j - an uncursed staff of wizardry
 w - an uncursed staff of death
Jewellery
 k - a +4 ring of strength (left hand)
 l - an uncursed ring of protection from magic
 n - an uncursed ring of protection from cold
 q - an uncursed ring of resist corrosion
 y - an amulet of faith (around neck)
 C - an uncursed ring of wizardry
 J - a +2 ring of dexterity
 M - a +4 ring of intelligence (right hand)
Wands
 U - a wand of iceblast (14)
 X - a wand of flame (20)
 Z - a wand of polymorph (9)
Scrolls
 r - 6 scrolls of magic mapping
 s - 4 scrolls of amnesia
 A - 3 scrolls of fog
 F - a scroll of remove curse
 H - 8 scrolls of identify
 I - 3 scrolls of fear
 O - a scroll of immolation
 Q - a scroll of enchant armour
 Y - 3 scrolls of teleportation
Potions
 e - 3 potions of brilliance
 g - 2 potions of flight
 i - 3 potions of mutation
 m - 2 potions of might
 v - 6 potions of agility
 G - 2 potions of curing
 L - 2 potions of cancellation
 R - a potion of magic {unknown}
Miscellaneous
 o - a box of beasts
 E - a lamp of fire (inert)


   Skills:
 - Level 8.0 Fighting
 - Level 10.0 Short Blades
 * Level 6.0 Maces & Flails
 - Level 11.0 Dodging
 - Level 5.3 Stealth
 - Level 4.0 Shields
 - Level 7.0 Spellcasting
 - Level 13.0 Hexes
 * Level 12.1 Necromancy
 - Level 3.0 Translocations
 - Level 4.0 Evocations


You had 3 spell levels left.
You knew the following spells:

 Your Spells              Type           Power        Failure   Level  Hunger
a - Tukima's Dance        Hex            #######.     1%          3    N/A
b - Ensorcelled Hibernat  Hex/Ice        ######       1%          2    N/A
c - Confuse               Hex            #######.     1%          3    N/A
d - Blink                 Tloc           N/A          3%          2    N/A
e - Dazzling Spray        Conj/Hex       ######       1%          3    N/A
f - Animate Dead          Necr           N/A          1%          4    N/A
g - Agony                 Necr           #######.     1%          5    N/A
h - Sublimation of Blood  Necr           #######...   1%          2    N/A

Your spell library contained the following spells:

 Spells                   Type           Power        Failure   Level  Hunger
 Animate Skeleton         Necr           N/A          1%          1    N/A
 Corona                   Hex            #######      1%          1    N/A
 Pain                     Necr           ####         1%          1    N/A
 Slow                     Hex            #######.     1%          2    N/A
 Summon Guardian Golem    Hex/Summ       ######..     1%          3    N/A
 Vampiric Draining        Necr           #######...   1%          3    N/A
 Magic Dart               Conj           ##..         7%          1    N/A
 Summon Small Mammal      Summ           ##..         7%          1    N/A
 Call Imp                 Summ           ##......     10%         2    N/A
 Call Canine Familiar     Summ           ##......     21%         3    N/A
 Conjure Flame            Conj/Fire      ##......     21%         3    N/A
 Mephitic Cloud           Conj/Pois/Air  ##......     21%         3    N/A
 Dispel Undead            Necr           #######.     1%          5    N/A
 Excruciating Wounds      Chrm/Necr      ######....   16%         5    N/A
 Summon Ice Beast         Ice/Summ       ##......     54%         4    N/A
 Summon Lightning Spire   Summ/Air       ##......     54%         4    N/A
 Simulacrum               Ice/Necr       ######....   63%         6    N/A

Dungeon Overview and Level Annotations

Branches:
Dungeon (11/15)            Temple (1/1) D:7            Lair (6/6) D:10
 Shoals (0/4) Lair:4        Snake (0/4) Lair:3        Slime (0/5) Lair:5
    Orc (0/2) D:10

Altars:
Ashenzari
Dithmenos
Elyvilon
Fedhas
Kikubaaqudgha
Makhleb
Nemelex Xobeh
Qazlal
Ru
Trog
Uskayaw
Vehumet
Wu Jian
Xom
Yredelemnul
The Shining One
Beogh

Annotations:
Lair:1 Sonja


Innate Abilities, Weirdness & Mutations

You do not eat.
You do not regenerate when monsters are visible.
You are frail without blood (-20% HP).
You can heal yourself when you bite living creatures.
You are immune to poison.
You have razor-sharp teeth.
You have supernaturally acute eyesight. (SInv)
You can survive without breathing.


Message History

There is an open door here.
Casting: Dazzling Spray (safe; 1% risk of failure)
Confirm with . or Enter, or press ? or * to list all spells.
You feel a surge of power!
You blink.
Evoke which item? (* to show all) (? for menu, Esc to quit)
Aiming: Cloud Cone
Press: ? - help, Dir - move target cursor, f/p - dire elephant
Aim: a dire elephant (severely wounded, poisoned)
You create a blast of poison gas!
The now-empty wand crumbles to dust.
The dire elephant looks even sicker.
The dire elephant looks as sick as possible!
You hit the dire elephant but do no damage.
The dire elephant looks as sick as possible!
You bite the dire elephant, but do no damage.
The dire elephant is severely wounded.
The dire elephant is engulfed in poison gas.
The dire elephant looks as sick as possible!
The dire elephant tramples you!!
You die...
Kikubaaqudgha rasps: "You have failed me!
Welcome... oblivion!"

##.'..#..##......
##..'..#.##7......
##..#####.# 7......
#....#8...# #7.....
##..§§..######.....
#.§§§#...'...#7....
#.§§§#####...#7....
##Y§## #...##....
#@.# #..P##....
##.7 #...##....
#787 #P.P##.... 7=7
######.... 77
##.... #######.....
#...........
##.#.##...##
#######.##


You could see a dire elephant.

Vanquished Creatures
  Gastronok (Lair:3)
  3 dire elephants (Lair:6)
  3 hydras
  An anaconda (Lair:6)
  2 two-headed ogres (D:10)
  Erica (D:10)
  9 death yaks
  2 unseen horrors
  A lindwurm (Lair:5)
  12 elephants
  5 black mambas
  11 spiny frogs
  5 rime drakes
  4 komodo dragons
  2 trolls
  A hornet (D:10)
  2 queen bees
  2 polar bears (Lair:6)
  6 blink frogs
  8 hippogriffs
  A wyvern (Lair:1)
  20 yaks
  A vampire (D:9)
  Eustachio (D:4)
  2 steam dragons
  A hungry ghost (D:9)
  12 water moccasins
  4 orc warriors
  14 porcupines
  A black bear (D:10)
  2 ice beasts
  2 sky beasts
  2 phantoms
  3 wolves (Lair:3)
  8 centaurs
  7 ogres
  6 crocodiles
  2 big kobolds (D:9)
  A gnoll sergeant (D:6)
  12 bullfrogs
  A wyvern zombie (D:7)
  A scorpion (D:7)
  A water moccasin skeleton (D:8)
  44 killer bees
  3 vampire bats (Lair:2)
  4 wights (D:8)
  2 howler monkeys (D:7)
  2 crimson imps
  2 quasits
  8 hounds
  2 bullfrog zombies
  5 orc priests
  A centaur skeleton (D:4)
  A bullfrog skeleton (D:7)
  2 iguanas
  Terence (D:2)
  10 orc wizards
  4 hell rats (Lair:3)
  6 worker ants
  A hound skeleton (D:6)
  20 adders
  12 gnolls
  A river rat (Lair:3)
  An ooze (D:3)
  An adder zombie (D:7)
  An adder skeleton (D:6)
  2 worms (D:2)
  5 dart slugs
  7 leopard geckos
  36 orcs
  2 ball pythons
  6 giant cockroaches
  A gnoll zombie (D:7)
  10 goblins
  6 hobgoblins
  11 jackals
  20 kobolds
  10 bats
  5 frilled lizards
  A jackal zombie (D:6)
  2 quokka skeletons
  A quokka zombie (D:5)
  14 rats
  4 plants
463 creatures vanquished.

Vanquished Creatures (collateral kills)
  A two-headed ogre (D:9)
  A death yak (Lair:6)
  5 elephants
  A black mamba (Lair:3)
  A spiny frog (Lair:6)
  A rime drake (Lair:6)
  4 blink frogs (Lair:3)
  3 water moccasins (Lair:3)
  A porcupine (D:10)
  3 orc warriors
  3 wolves (Lair:3)
  A crocodile (Lair:3)
  A bullfrog (D:10)
  6 wights
  A hell rat (Lair:3)
  3 adders (Lair:3)
  4 river rats (Lair:3)
  3 orcs
  A quokka (D:11)
  A rat (Lair:3)
  A fungus (Lair:6)
  2 plants (Lair:3)
48 creatures vanquished.

Vanquished Creatures (others)
  A scorpion (D:10)
  23 fungi
  10 plants
34 creatures vanquished.

Grand Total: 545 creatures vanquished

Notes
Turn   | Place    | Note
-------+----------+-------------------------------------------
     0 | D:1      | MrRokkomies the Vampire Enchanter began the quest for the
                  | Orb.
     0 | D:1      | Reached XP level 1. HP: 13/13 MP: 3/3
   213 | D:1      | Reached XP level 2. HP: 19/19 MP: 5/5
   217 | D:1      | Learned a level 2 spell: Ensorcelled Hibernation
   479 | D:2      | Found a stormy altar of Qazlal.
   480 | D:2      | Found a white marble altar of Elyvilon.
   481 | D:2      | Found a sparkling altar of Nemelex Xobeh.
   518 | D:2      | Reached skill level 5 in Hexes
   674 | D:2      | Reached XP level 3. HP: 16/24 MP: 6/6
  1002 | D:2      | Reached skill level 5 in Stealth
  1215 | D:2      | Reached XP level 4. HP: 27/30 MP: 2/7
  1334 | D:2      | Learned a level 3 spell: Confuse
  1652 | D:2      | Reached skill level 6 in Hexes
  1997 | D:2      | Noticed Terence
  2002 | D:2      | Killed Terence
  2002 | D:2      | Reached XP level 5. HP: 35/35 MP: 8/8
  2126 | D:3      | Learned a level 2 spell: Blink
  2152 | D:3      | Found an ornate altar of the Wu Jian Council.
  2862 | D:4      | Reached skill level 1 in Evocations
  2866 | D:4      | Reached skill level 7 in Hexes
  3061 | D:4      | Noticed a phantom
  3067 | D:4      | Reached XP level 6. HP: 31/32 MP: 9/9
  3560 | D:4      | Reached skill level 5 in Short Blades
  3614 | D:4      | Noticed Eustachio
  3839 | D:4      | Reached skill level 8 in Hexes
  3839 | D:4      | Reached XP level 7. HP: 36/36 MP: 3/10
  4005 | D:4      | Killed Eustachio
  4103 | D:5      | Entered Level 5 of the Dungeon
  4143 | D:5      | Found a shadowy altar of Dithmenos.
  4206 | D:5      | Reached skill level 9 in Hexes
  4334 | D:5      | Found a radiant altar of Vehumet.
  4530 | D:5      | Reached XP level 8. HP: 41/41 MP: 11/11
  5318 | D:6      | Found a burning altar of Makhleb.
  5495 | D:6      | Noticed a komodo dragon
  5506 | D:6      | Killed a komodo dragon
  5506 | D:6      | Reached skill level 10 in Hexes
  5714 | D:6      | Reached skill level 11 in Hexes
  5773 | D:6      | Got a shadowed robe
  5784 | D:6      | Identified the +2 robe "Zulil" {rF+} (You found it on level
                  | 6 of the Dungeon)
  5809 | D:6      | Noticed an unseen horror
  5817 | D:6      | Killed an unseen horror
  5817 | D:6      | Reached skill level 1 in Translocations
  5817 | D:6      | Reached XP level 9. HP: 45/45 MP: 9/12
  6311 | D:6      | Reached skill level 12 in Hexes
  6323 | D:6      | Learned a level 3 spell: Tukima's Dance
  6753 | D:7      | Found a staircase to the Ecumenical Temple.
  6766 | Temple   | Entered the Ecumenical Temple
  6865 | Temple   | Became a worshipper of Kikubaaqudgha
  6916 | D:7      | Got a brightly glowing cloak
  6934 | D:7      | Identified the +2 cloak "Merovips" {*Slow +Inv rElec rCorr}
                  | (You found it on level 7 of the Dungeon)
  7253 | D:7      | Reached skill level 13 in Hexes
  7315 | D:7      | Found a basalt altar of Yredelemnul.
  7651 | D:7      | Reached skill level 1 in Fighting
  8221 | D:8      | Reached * piety under Kikubaaqudgha
  8221 | D:8      | Identified Kikubaaqudgha's Grimoire of Evil Arts
                  | (Kikubaaqudgha gifted it to you on level 8 of the Dungeon)
  8221 | D:8      | Received a gift from Kikubaaqudgha
  8221 | D:8      | Reached skill level 10 in Short Blades
  8221 | D:8      | Reached XP level 10. HP: 52/52 MP: 13/13
  8833 | D:8      | Reached ** piety under Kikubaaqudgha
  9344 | D:8      | Reached skill level 5 in Dodging
 10288 | D:9      | Found a bloodstained altar of Trog.
 10616 | D:9      | Reached *** piety under Kikubaaqudgha
 10616 | D:9      | Identified Kikubaaqudgha's Handbook of Evil Arts
                  | (Kikubaaqudgha gifted it to you on level 9 of the Dungeon)
 10616 | D:9      | Received a gift from Kikubaaqudgha
 10633 | D:9      | Found a shattered altar of Ashenzari.
 10733 | D:9      | Reached skill level 5 in Fighting
 11259 | D:9      | Found a shimmering altar of Xom.
 11435 | D:9      | Learned a level 3 spell: Dazzling Spray
 11452 | D:9      | Noticed a two-headed ogre
 11461 | D:9      | Killed a two-headed ogre
 11523 | D:10     | Entered Level 10 of the Dungeon
 11523 | D:10     | Noticed an unseen horror
 11618 | D:10     | Killed an unseen horror
 11618 | D:10     | Reached XP level 11. HP: 64/64 MP: 11/14
 11634 | D:10     | Noticed a two-headed ogre
 11646 | D:10     | Killed a two-headed ogre
 11826 | D:11     | Reached **** piety under Kikubaaqudgha
 11850 | D:11     | Noticed Erica
 12458 | D:10     | Found a staircase to the Lair.
 12483 | D:10     | Noticed a two-headed ogre
 12508 | D:10     | Killed a two-headed ogre
 12508 | D:10     | Reached skill level 1 in Necromancy
 12889 | D:10     | Killed Erica
 13031 | D:10     | Found a staircase to the Orcish Mines.
 13046 | D:10     | Found a roughly hewn altar of Beogh.
 13048 | D:10     | Reached ***** piety under Kikubaaqudgha
 13414 | Lair:1   | Entered Level 1 of the Lair of Beasts
 13495 | Lair:1   | Reached skill level 10 in Dodging
 13628 | Lair:1   | Noticed a four-headed hydra
 14011 | Lair:1   | Killed a four-headed hydra
 14237 | Lair:1   | Reached XP level 12. HP: 73/73 MP: 12/15
 14399 | Lair:1   | Reached skill level 5 in Necromancy
 14625 | Lair:1   | Noticed Sonja
 15698 | Lair:2   | Learned a level 4 spell: Animate Dead
 16357 | Lair:3   | Noticed Gastronok
 16422 | Lair:3   | Killed Gastronok
 16763 | Lair:3   | Noticed a six-headed hydra
 16772 | Lair:3   | Killed a six-headed hydra
 16772 | Lair:3   | Reached skill level 5 in Spellcasting
 16929 | Lair:3   | Found a staircase to the Snake Pit.
 16953 | Lair:3   | Reached ****** piety under Kikubaaqudgha
 17686 | Lair:3   | Learned a level 5 spell: Agony
 17711 | Lair:4   | Found a staircase to the Shoals.
 18731 | Lair:4   | Reached XP level 13. HP: 78/78 MP: 19/22
 18755 | Lair:4   | Reached skill level 1 in Shields
 18886 | Lair:4   | Found the +8 whip "Snakebite" {curare, rPois}
 18988 | Lair:4   | Got a transparent steel amulet
 18990 | Lair:4   | Identified the amulet of Ojahoik {+Rage +Inv rElec Str-5
                  | Dex-5} (You found it on level 4 of the Lair of Beasts)
 19142 | Lair:5   | You fall into a shaft and drop 1 floor!
 19142 | Lair:6   | Entered Level 6 of the Lair of Beasts
 19360 | Lair:5   | Reached skill level 1 in Maces & Flails
 19458 | Lair:5   | Reached skill level 10 in Necromancy
 19473 | Lair:5   | Found a staircase to the Slime Pits.
 20507 | Lair:5   | You fall into a shaft and drop 1 floor!
 21392 | Lair:6   | Learned a level 2 spell: Sublimation of Blood
 21719 | Lair:6   | Reached skill level 5 in Maces & Flails
 22912 | Lair:6   | Reached XP level 14. HP: 76/84 MP: 13/24
 23863 | Lair:6   | Slain by a dire elephant

Levels and vault maps discovered:
D:1:      saegor_arrival_simple_c, layout_rooms
D:2:      layout_basic, chequers_temple_overflow_statue_of_worship,
          serial_forest, infiniplex_forest_zigzag_1, infiniplex_forest_corner_2,
          infiniplex_forest_clump_medium, infiniplex_forest_end_3,
          infiniplex_forest_zigzag_1, infiniplex_forest_straight_4,
          infiniplex_forest_lined_3, infiniplex_forest_clump_large,
          infiniplex_forest_lined_room_2, minmay_hexomino_c4, uniq_terence
D:3:      layout_basic, lemuel_crystal_altar, minmay_goblin_kobold_house
D:4:      layout_layer_cave, chequers_ossuary_entry_cave, uniq_eustachio
D:5:      layout_basic, nicolae_overflow_crystal_walls,
          nicolae_dithmenos_the_darkroom, first_ration
D:6:      minmay_opposing_rooms, layout_basic, basic_altar
D:7:      layout_basic, lemuel_zombie_altar_yredelemnul,
          minmay_temple_entry_tees
D:8:      layout_basic, david_nohive_1
D:9:      layout_small_grid, bloody_trog, nicolae_overflow_hidden_temple,
          kennysheep_mini_moat, nicolae_ashenzari_panopticon
D:10:     layout_long_grid, grunt_lair_entry_orc_guard_hut,
          minmay_orc_entry_temple_small
D:11:     layout_cross, lightli_bailey_entry_fortress, uniq_erica
Temple:   minmay_temple_curvy_loop
Lair:1:   layout_small_grid, special_room [special_room_bee], uniq_sonja
Lair:2:   layout_loops_ring, roderic_batcave
Lair:3:   layout_hall_layers, minmay_snake_entry_six_corridors,
          kennysheep_abandoned_house, uniq_gastronok
Lair:4:   minmay_guarded_unrand_snakebite, layout_hall_layers,
          minmay_shoals_entry_centaurs
Lair:5:   layout_regular_city, slime_dummy
Lair:6:   due_jungle_book, layout_regular_city

Skill      XL: |  1  2  3  4  5  6  7  8  9 10 11 12 13 14 |
---------------+-------------------------------------------+-----
Short Blades   | 2 3 4 5 6 8 10 | 10.0
Hexes          | 5 6 7 8 9 11 13 | 13.0
Stealth        | 5 |  5.3
Evocations     | 1 2 3 4 |  4.0
Translocations | 1 3 |  3.0
Fighting       | 1 6 8 |  8.0
Dodging        | 7 10 11 | 11.0
Necromancy     | 4 9 11 12 | 12.1
Spellcasting   | 6 7 |  7.0
Shields        | 4 |  4.0
Maces & Flails | 5 6 |  6.0

Action                   |  1- 3 |  4- 6 |  7- 9 | 10-12 | 13-15 || total
-------------------------+-------+-------+-------+-------+-------++-------
Melee: Dagger            |   163 |   174 |   398 |  1102 |   174 ||  2011
       Bite              |    21 |    15 |    49 |   129 |    55 ||   269
       Whip              |       |       |       |       |   167 ||   167
Throw: Dart              |    14 |    29 |    43 |   234 |     9 ||   329
       Boomerang         |     4 |     5 |       |       |       ||     9
 Cast: Ensorcelled Hiber |    13 |    16 |    41 |   122 |    41 ||   233
       Confuse           |       |     2 |    10 |    51 |    21 ||    84
       Tukima's Dance    |       |       |     1 |    23 |       ||    24
       Blink             |       |       |     1 |       |     9 ||    10
       Animate Dead      |       |       |       |    10 |    17 ||    27
       Dazzling Spray    |       |       |       |       |    31 ||    31
       Agony             |       |       |       |       |     6 ||     6
Invok: Receive Corpses   |       |       |       |     1 |       ||     1
 Abil: Exsanguinate      |       |     1 |       |       |       ||     1
       End Transformatio |       |       |     1 |       |       ||     1
       Bat Form          |       |       |     1 |       |       ||     1
Evoke: Wand              |       |     1 |       |       |    14 ||    15
       Lamp of fire      |       |       |       |     1 |     1 ||     2
  Use: Potion            |     3 |       |     1 |     1 |     1 ||     6
       Scroll            |     1 |     7 |     7 |    14 |     3 ||    32
 Stab: Sleeping          |     8 |    23 |    40 |    89 |    40 ||   200
       Confused          |       |     3 |     9 |    31 |    23 ||    66
       Distracted        |       |       |     1 |     2 |     1 ||     4
       Invisible         |       |       |       |       |     2 ||     2
Armor: Robe              |    16 |    43 |    56 |   179 |    37 ||   331
Dodge: Dodged            |    96 |   122 |   173 |   756 |   161 ||  1308
Block: Buckler           |       |       |       |     1 |    49 ||    50

Table legend:
 A = Non-vault XP
 B = Vault XP
 C = Vault XP percentage of total XP
 D = Non-vault monster count
 E = Vault monster count
 F = Vault count percentage of total count
                 A         B        C        D         E       F
            +---------+---------+-------+---------+---------+-------
      Total |   53508 |   14428 |  21.2 |     378 |     127 |  25.1
            +---------+---------+-------+---------+---------+-------
        D:1 |      23 |       0 |   0.0 |      11 |       0 |   0.0
        D:2 |     147 |      49 |  25.0 |      36 |       8 |  18.2
        D:3 |      40 |       4 |   9.1 |      13 |       2 |  13.3
        D:4 |     589 |     196 |  25.0 |      23 |       1 |   4.2
        D:5 |     583 |       0 |   0.0 |      24 |       0 |   0.0
        D:6 |     804 |    1553 |  65.9 |      21 |       8 |  27.6
        D:7 |    1468 |       2 |   0.1 |      28 |       1 |   3.4
        D:8 |    1245 |    1283 |  50.8 |      27 |      17 |  38.6
        D:9 |    2833 |       0 |   0.0 |      34 |       0 |   0.0
       D:10 |    5130 |    1809 |  26.1 |      33 |      14 |  29.8
       D:11 |     651 |       2 |   0.3 |       7 |       1 |  12.5
     Lair:1 |    4950 |    1472 |  22.9 |      17 |      20 |  54.1
     Lair:2 |    1691 |     172 |   9.2 |       8 |       9 |  52.9
     Lair:3 |    5581 |    2870 |  34.0 |      25 |      28 |  52.8
     Lair:4 |    4178 |    2147 |  33.9 |      11 |      13 |  54.2
     Lair:5 |    8119 |       0 |   0.0 |      20 |       0 |   0.0
     Lair:6 |   15476 |    2869 |  15.6 |      40 |       5 |  11.1
            +---------+---------+-------+---------+---------+-------
